 Dungeon Crawl Stone Soup version 0.26-a0-466-g989023bd0d (webtiles) character file.

Game seed: 3249547415684829219

40 Lanoc the Ruffian (level 3, -2/43 HPs)
             Began as a Minotaur Transmuter on Aug 8, 2020.
             Slain by a hobgoblin
             ... wielding a +0 club
              (5 damage)
             ... on level 2 of the Dungeon.
             The game lasted 00:01:20 (1458 turns).

Lanoc the Ruffian (Minotaur Transmuter)             Turns: 1458, Time: 00:01:21

Health: -2/43      AC:  2    Str: 14    XL:     3   Next: 30%
Magic:  4/4        EV: 12    Int: 11    God:
Gold:   77         SH:  0    Dex: 10    Spells: 3/4 levels left

rFire    . . .     SeeInvis .     - Unarmed
rCold    . . .     Faith    .   (no shield)
rNeg     . . .     Spirit   .   a - +0 robe
rPois    .         Reflect  .   (helmet restricted)
rElec    .         Harm     .   (no cloak)
rCorr    .                      (no gloves)
MR       .....                  (no boots)
Stlth    ..........             (no amulet)
HPRegen  0.14/turn              (no ring)
MPRegen  0.09/turn              (no ring)

@: berserking, slowed
A: retaliatory headbutt, horns 2
a: no special abilities


You were on level 2 of the Dungeon.
You visited 1 branch of the dungeon, and saw 2 of its levels.

You collected 77 gold pieces.

Inventory:

Armour
 a - a +0 robe (worn)
Scrolls
 c - a scroll of fog {unknown}
 d - 3 scrolls of teleportation {unknown}
 f - a scroll of enchant armour {unknown}
Potions
 e - a potion of curing {unknown}


   Skills:
 + Level 2.0 Fighting
 + Level 2.6 Dodging
 * Level 4.0 Unarmed Combat
 - Level 1.3 Spellcasting
 + Level 2.0 Transmutations


You had 3 spell levels left.
You knew the following spells:

 Your Spells              Type           Power        Failure   Level
a - Beastly Appendage     Tmut           #.....       14%         1

Your spell library contained the following spells:

 Spells                   Type           Power        Failure   Level
 Wereblood                Tmut           #.......     21%         2
 Spider Form              Tmut/Pois      #.........   52%         3
 Ice Form                 Ice/Tmut       #.......     90%         4
 Blade Hands              Tmut           #.........   98%         5


Dungeon Overview and Level Annotations

Branches:
Dungeon (2/15)

Altars:

Annotations:
D:2 Jessica


Innate Abilities, Weirdness & Mutations

You reflexively headbutt those who attack you in melee.
You have a pair of horns on your head.


Message History

The adder bites you but does no damage. Jessica hits you with a +0 club.
The adder barely misses you. The hobgoblin hits you with a +0 club.
It was a potion of berserk rage.
A red film seems to cover your vision as you go berserk!
You feel yourself moving faster!
You feel mighty! The adder bites you. Jessica barely misses you.
The hobgoblin hits you with a +0 club.
* * * LOW HITPOINT WARNING * * *
The adder barely misses you. Jessica hits you with a +0 club!
* * * LOW HITPOINT WARNING * * *
You punch the adder!
You kill the adder!
Your Unarmed Combat skill increases to level 4!
Your Transmutations skill increases to level 2!
The hobgoblin barely misses you.
Jessica gestures wildly.
Jessica misses you.
You completely miss Jessica. You headbutt Jessica.
Jessica is severely wounded.
The hobgoblin hits you with a +0 club.
You die...

.....≈≈≈≈≈≈÷.#
.............≈.≈≈≈≈..#
........)....P≈≈≈≈≈...###
.......>.......≈≈≈.≈P.(..
..............≈≈≈≈≈≈.####
..............≈≈≈≈≈..##.(
..............P≈≈≈P.#)..#
.......g.@.....P.♣......#
......††@######.......#..
.........# ###..#####..<.
....##...###...## #...#.#
## ####.....### #...#..
#......### #..##.#
....###.## ####.....# ...
#.# #.....##.# . ...
....#...##.# #.##!
#####..###.#


You could see Jessica and a hobgoblin.

Vanquished Creatures
  2 adders (D:2)
  A bat zombie (D:2)
  A giant cockroach (D:1)
  2 goblins
  4 hobgoblins (D:1)
  2 jackals (D:1)
  A quokka (D:2)
  4 bats
  A frilled lizard (D:1)
  3 kobolds
  2 rats
23 creatures vanquished.

Notes
Turn   | Place    | Note
-------+----------+-------------------------------------------
     0 | D:1      | Lanoc the Minotaur Transmuter began the quest for the Orb.
     0 | D:1      | Reached XP level 1. HP: 16/16 MP: 1/1
   285 | D:1      | Reached XP level 2. HP: 8/23 MP: 0/3
  1214 | D:2      | Reached XP level 3. HP: 16/29 MP: 2/4
  1444 | D:2      | Noticed Jessica
  1457 | D:2      | Reached skill level 4 in Unarmed Combat
  1458 | D:2      | Slain by a hobgoblin

Illustrated notes

Levels and vault maps discovered:
D:1:      psy_arrival_fountain, layout_basic, minmay_misc_feat_iff
D:2:      minmay_chambers_of_ones, layout_rooms, fedhas_altar_3,
          serial_bayou_pond_b, chequers_serial_rivers_room_b,
          kennysheep_generic_room_2, uniq_jessica

Skill      XL: |  1  2  3 |
---------------+----------+-----
Fighting       | 2 |  2.0
Unarmed Combat | 4 |  4.0
Transmutations | 2 |  2.0
Dodging        | |  2.6
Spellcasting   | |  1.3

Action                   || total
-------------------------++-------
Melee: Unarmed           ||    62
       Kick              ||     7
       Headbutt          ||     4
       Punch             ||     1
 Cast: Beastly Appendage ||    11
  Use: Potion            ||     1
Armor: Robe              ||    19
Dodge: Dodged            ||    61

Table legend: (Time is in decaauts)
 A = Elapsed time spent in this place.
 B = Non-inter-level travel time spent in this place.
 C = Inter-level travel time spent in this place.
 D = Time resting spent in this place.
 E = Time spent auto-exploring this place.
 F = Levels seen in this place.
 G = Mean time per level.
                   A        B        C        D        E       F      G
               +--------+--------+--------+--------+--------+-----+--------+
         Total |   1457 |   1457 |      0 |      6 |   1293 |   2 |  728.5 |
       Dungeon |   1457 |   1457 |      0 |      6 |   1293 |   2 |  728.5 |
               +--------+--------+--------+--------+--------+-----+--------+

Top non-repeatable levels by time:
     D:1: 1120 daAuts
     D:2: 337 daAuts
